 Dungeon Crawl Stone Soup version 0.27-a0-1188-g73eefd5def (webtiles) character file.

Game seed: 5134079109905737455

2709 Froggeryz the Grappler (level 9, -1/48 HPs)
             Began as a Vine Stalker Berserker on May 21, 2021.
             Was a Priest of Trog.
             Slain by a killer bee (3 damage)
             ... on level 7 of the Dungeon.
             The game lasted 00:07:14 (5691 turns).

Froggeryz the Grappler (Vine Stalker Berserker)     Turns: 5691, Time: 00:07:15

Health: -1/48      AC:  7    Str: 22    XL:     9   Next: 66%
Magic:  0/10       EV: 11    Int:  7    God:    Trog [***...]
Gold:   247        SH:  0    Dex: 15    Spells: 8/8 levels left

rFire    . . .     SeeInvis .     - Unarmed
rCold    . . .     Faith    .   (no shield)
rNeg     . . .     Spirit   +   a - +0 ring mail
rPois    .         Reflect  .   (no helmet)
rElec    .         Harm     .   g - +0 cloak
rCorr    .         Rampage  .   (no gloves)
Will     +....                  (no boots)
Stlth    +.........             (no amulet)
HPRegen  1.16/turn              (no ring)
MPRegen  0.12/turn              (no ring)

@: no status effects
A: fangs 3, regeneration 1, magic shield, antimagic bite, no potion heal 2
a: Renounce Religion, Berserk, Trog's Hand


You were on level 7 of the Dungeon.
You worshipped Trog.
Trog was most pleased with you.
You visited 1 branch of the dungeon, and saw 7 of its levels.

You collected 289 gold pieces.
You spent 42 gold pieces at shops.

Inventory:

Armour
 a - a +0 ring mail (worn)
 g - a +0 cloak (worn)
Jewellery
 h - a ring of fire
Wands
 o - a wand of flame (16)
Scrolls
 b - a scroll of fear {unknown}
 d - a scroll of magic mapping
 f - a scroll of immolation {unknown}
 k - a scroll of enchant weapon
 p - a scroll of blinking {unknown}
Potions
 c - a potion of curing
 e - a potion of magic {unknown}
 i - a potion of invisibility {unknown}
 j - a potion of haste {unknown}
 l - 2 potions of ambrosia {unknown}
 m - a potion of flight {unknown}
 n - a potion of attraction {unknown}


   Skills:
 + Level 6.0 Fighting
 - Level 4.0 Armour
 - Level 1.5 Dodging
 * Level 10.9 Unarmed Combat


You had 8 spell levels left.
You didn't know any spells.
Your spell library was empty.

Dungeon Overview and Level Annotations

Branches:
Dungeon (7/15)             Temple (0/1) D:7

Altars:
Cheibriados
Dithmenos
Gozag
Hepliaklqana
Okawaru
Qazlal

Shops:
D:2 !


Innate Abilities, Weirdness & Mutations

You have razor-sharp teeth.
Your natural rate of healing is unusually fast.
When hurt, damage is shared between your health and your magic reserves.
Your bite disrupts and absorbs the magic of your enemies.
Potions cannot restore your health.


Message History

The killer bee poisons you! The killer bee stings you.
You are more poisoned.
The killer bee poisons you! The killer bee closely misses you.
The killer bee stings you but does no damage.
The killer bee stings you.
You miss the killer bee. Your bite misses the killer bee.
The killer bee is lightly wounded.
You feel extremely sick. The killer bee barely misses you.
The killer bee stings you but does no damage.
The killer bee stings you.
The killer bee stings you but does no damage.
You are too injured to fight recklessly!
You are too injured to fight recklessly!
You are too injured to fight recklessly!
You are too injured to fight recklessly!
You are too injured to fight recklessly!
* * * LOW HITPOINT WARNING * * *
You feel very sick.
Okay, then.
Your system rejects the healing.
You feel better. The killer bee stings you.
* * * LOW HITPOINT WARNING * * *
You are poisoned.
The killer bee poisons you! The killer bee stings you.
* * * LOW HITPOINT WARNING * * *
The killer bee stings you.
* * * LOW HITPOINT WARNING * * *
The killer bee stings you.
* * * LOW HITPOINT WARNING * * *
You are more poisoned.
The killer bee poisons you!
Okay, then.
Okay, then.
Your system rejects the healing.
You feel better. The killer bee barely misses you.
The killer bee stings you but does no damage.
The killer bee stings you.
* * * LOW HITPOINT WARNING * * *
The killer bee stings you.
You die...

...!........ ........#
........... .######.#
..........########......#
..........#.....#......##
..........#.....#........
..........#.....#........
.......y..#.....##.......
########y###.....##.....##
#.......y@.......##.....##
#.................#..(....
#.................+.......
#.......†.........#.......
###+####'#####'##.##.##...#
#.........###..##.##†###'##
#.........#....#......#....
#.........#....#......#....
#.........#....#......#....


You could see 3 killer bees.

Vanquished Creatures
  Sigmund (D:3)
  6 yaks (D:7)
  Eustachio (D:5)
  An orc warrior (D:6)
  Duvessa (D:4)
  A black bear (D:6)
  An ogre (D:6)
  A centaur (D:6)
  A gnoll sergeant (D:5)
  A scorpion (D:6)
  A water moccasin zombie (D:6)
  Dowan (D:4)
  8 killer bees (D:7)
  3 hounds
  2 orc priests
  2 iguanas
  2 centaur skeletons
  3 orc wizards
  A hound skeleton (D:4)
  5 gnolls (D:5)
  5 adders
  2 white imps
  2 ufetubi (D:6)
  An adder skeleton (D:5)
  3 worms
  17 orcs
  4 ball pythons
  2 endoplasms (D:2)
  2 giant cockroaches
  3 goblins
  8 hobgoblins
  5 jackals
  3 quokkas
  A bat (D:2)
  4 frilled lizards
  3 kobolds
  4 rats
112 creatures vanquished.

Notes
Turn   | Place    | Note
-------+----------+-------------------------------------------
     0 | D:1      | Froggeryz the Vine Stalker Berserker began the quest for
                  | the Orb.
     0 | D:1      | Reached XP level 1. HP: 11/11 MP: 2/2
   420 | D:1      | Reached XP level 2. HP: 16/16 MP: 3/3
  1047 | D:1      | Found a faded altar of an unknown god.
  1288 | D:2      | Reached XP level 3. HP: 14/19 MP: 2/4
  1521 | D:2      | Found a snail-covered altar of Cheibriados.
  1610 | D:2      | Reached skill level 4 in Unarmed Combat
  1865 | D:2      | Found Qanih's Distillery.
  1874 | D:2      | Bought a potion of curing for 42 gold pieces
  2107 | D:3      | Gained mutation: Your natural rate of healing is unusually
                  | fast. [Vine Stalker growth]
  2107 | D:3      | Reached XP level 4. HP: 17/23 MP: 3/5
  2518 | D:3      | Reached ** piety under Trog
  2561 | D:3      | Noticed Sigmund
  2580 | D:3      | Killed Sigmund
  2581 | D:3      | Reached skill level 5 in Unarmed Combat
  2581 | D:3      | Reached XP level 5. HP: 27/27 MP: 1/6
  2581 | D:3      | Reached XP level 6. HP: 32/32 MP: 1/7
  2943 | D:4      | Reached skill level 6 in Unarmed Combat
  3070 | D:4      | Found an opulent altar of Gozag.
  3076 | D:4      | Found a stormy altar of Qazlal.
  3124 | D:4      | Found an iron altar of Okawaru.
  3402 | D:4      | Noticed Duvessa
  3402 | D:4      | Noticed Dowan
  3418 | D:4      | Killed Dowan
  3419 | D:4      | Reached XP level 7. HP: 35/35 MP: 6/8
  3421 | D:4      | Killed Duvessa
  3571 | D:4      | Reached skill level 7 in Unarmed Combat
  3643 | D:5      | Entered Level 5 of the Dungeon
  4056 | D:5      | Noticed Eustachio
  4198 | D:5      | Killed Eustachio
  4199 | D:5      | Gained mutation: You have razor-sharp teeth. [Vine Stalker
                  | growth]
  4199 | D:5      | Reached XP level 8. HP: 30/40 MP: 7/9
  4304 | D:5      | Found a shadowy altar of Dithmenos.
  4304 | D:5      | Noticed a shadow
  4307 | D:5      | Found a hazy altar of Hepliaklqana.
  4524 | D:6      | Reached skill level 8 in Unarmed Combat
  5119 | D:6      | Reached skill level 9 in Unarmed Combat
  5143 | D:6      | Reached *** piety under Trog
  5374 | D:7      | Found a staircase to the Ecumenical Temple.
  5427 | D:7      | Reached XP level 9. HP: 26/46 MP: 6/10
  5433 | D:7      | Reached skill level 5 in Fighting
  5570 | D:7      | Reached skill level 10 in Unarmed Combat
  5691 | D:7      | HP: 2/48 [killer bee (2)]
  5691 | D:7      | Slain by a killer bee

Illustrated notes

Levels and vault maps discovered:
D:1:      lordsloth_arrival_two_stooges, layout_basic,
          shapermc_ecumenical_altar_mp_urbaneastern
D:2:      layout_rooms, basic_altar, serial_shops, nicolae_shop_trees,
          wad_floor_pattern_untrapped
D:3:      layout_loops_corners, uniq_sigmund
D:4:      layout_basic, gammafunk_temple_overflow_statue,
          nicolae_overflow_crystal_walls, uniq_duvessa
D:5:      layout_loops_ring, riverfiend_overflow_shadow_ancestor, uniq_eustachio
D:6:      layout_basic, grunt_decor_arrowhead, grunt_ministairs_1,
          minmay_misc_feat_more_columns, minmay_misc_feat_plants
D:7:      layout_gridville, minmay_temple_entry_glassed_door, serial_shops,
          shop, uniq_joseph

Skill      XL: |  1  2  3  4  5  6  7  8  9 |
---------------+----------------------------+-----
Armour         | 2 3 4 |  4.0
Unarmed Combat | 4 5 6 7 9 10 | 10.9
Fighting       | 3 4 6 |  6.0
Dodging        | |  1.5

Action                   |  1- 3 |  4- 6 |  7- 9 || total
-------------------------+-------+-------+-------++-------
Melee: Unarmed           |    95 |   106 |   213 ||   414
       Bite              |    25 |    35 |    63 ||   123
       Punch             |     2 |     5 |     8 ||    15
Invok: Berserk           |       |     2 |     3 ||     5
       Trog's Hand       |       |       |     2 ||     2
  Use: Potion            |     1 |       |     2 ||     3
       Scroll            |       |       |     4 ||     4
 Stab: Sleeping          |     1 |       |       ||     1
Armor: Animal skin       |     5 |       |       ||     5
       Ring mail         |    11 |    46 |    71 ||   128
Dodge: Dodged            |    47 |    56 |   115 ||   218

Table legend: (Time is in decaauts)
 A = Elapsed time spent in this place.
 B = Non-inter-level travel time spent in this place.
 C = Inter-level travel time spent in this place.
 D = Time resting spent in this place.
 E = Time spent auto-exploring this place.
 F = Levels seen in this place.
 G = Mean time per level.
                   A        B        C        D        E       F      G
               +--------+--------+--------+--------+--------+-----+--------+
         Total |   5671 |   5560 |    111 |    493 |   4256 |   7 |  810.1 |
       Dungeon |   5671 |   5560 |    111 |    493 |   4256 |   7 |  810.1 |
               +--------+--------+--------+--------+--------+-----+--------+

Top non-repeatable levels by time:
     D:1: 1055 daAuts
     D:2: 968 daAuts
     D:3: 903 daAuts
     D:6: 820 daAuts
     D:4: 812 daAuts
     D:5: 767 daAuts
     D:7: 343 daAuts
